AoeStats
← Virtual Sabre

Arena

510092901Analyzed
1v1 RM · 2d ago on Sep 29, 2026· 22m 16s· 2 players
Game mode
Random Map
Map size
Tiny (2 player)
Population
200
Speed
Normal
Resources
Standard
Victory
Conquest
Starting age
Dark Age
Ending age
Imperial Age
RankedLock teamsTeams togetherTeam positionsShared explorationLock speedFull tech treeHidden civsTurbo modeCheats
Victory
Defeat
🇩🇪 Hindustanis · Germany
975
+17
🇹🇷 Turks · Türkiye
1005
-17
Virtual Sabre
0:32 Loom
11:45 Feudal Age
13:22 Stone Mining
15:58 Castle Age
14:06 Loom
19:57 Padded Archer Armor
_YigitPasha_
11:35 Feudal Age
16:19 Castle Age
20:29 Imperial Age
21:15 Bloodlines
21:49 Loom
Connection lost

Rejoining the realm…

Still unreachable

The connection could not be restored.

Session expired

The server has moved on; the page needs a fresh start.